 Dungeon Crawl Stone Soup version 0.21.0-3-g78d12a8 (webtiles) character file.

46 MTVSty1e the Cudgeler (level 3, 0/39 HPs)
             Began as an Ogre Chaos Knight on Jan 9, 2018.
             Slain by an orc
             ... wielding a +0 hand axe
              (3 damage)
             ... on level 3 of the Dungeon.
             The game lasted 00:02:17 (2042 turns).

MTVSty1e the Cudgeler (Ogre Chaos Knight)           Turns: 2042, Time: 00:02:18

Health: 0/39       AC:  4    Str: 16 (17) XL:     3   Next: 66%
Magic:  3/3        EV: 10    Int: 13      God:    Xom [*.....]
Gold:   124        SH:  0    Dex:  8      Spells: 2/2 levels left

rFire    . . .     SeeInvis .   a - +0 mace (chaos)
rCold    . . .     Gourm    .   (no shield)
rNeg     . . .     Faith    .   b - +2 robe
rPois    .         Spirit   .   (helmet restricted)
rElec    .         Reflect  .   (no cloak)
rCorr    .         Harm     .   (gloves unavailable)
MR       .....                  (boots unavailable)
Stlth    +.........             (no amulet)
HPRegen  0.13/turn              (no ring)
MPRegen  0.08/turn              (no ring)

@: no status effects
A: large, unfitting armour, deformed body, deterioration 1, tough skin 1
a: Renounce Religion


You were on level 3 of the Dungeon.
You worshipped Xom.
You were a special plaything of Xom.
You were not hungry.

You visited 1 branch of the dungeon, and saw 3 of its levels.

You collected 124 gold pieces.

Inventory:

Hand Weapons
 a - a +0 mace of chaos (weapon)
Armour
 b - a +2 robe (worn)
 m - a +0 buckler
Scrolls
 d - 2 scrolls of identify {unknown}
 e - a scroll of immolation {unknown}
 f - a scroll of remove curse {unknown}
 g - a scroll of enchant armour {unknown}
 h - a scroll of blinking {unknown}
 i - a scroll of amnesia {unknown}
 l - a scroll of magic mapping {unknown}
 o - a scroll of enchant weapon {unknown}
 p - a scroll of random uselessness {unknown}
Potions
 j - a potion of ambrosia {unknown}
 k - a potion of curing {unknown}
 n - a potion of haste {unknown}
 q - a potion of brilliance {unknown}
Comestibles
 c - 3 rations


   Skills:
 - Level 4.0 Fighting
 * Level 4.1 Maces & Flails
 - Level 2.1 Dodging


You had 2 spell levels left.
You didn't know any spells.

Dungeon Overview and Level Annotations

Branches:
Dungeon (3/15)

Altars:
Fedhas
Hepliaklqana
Okawaru
Qazlal


Innate Abilities, Weirdness & Mutations

You are too large for most types of armour.
You have tough skin. (AC +1)
Armour fits poorly on your strangely shaped body.
Your body sometimes deteriorates upon taking damage.


Message History

The orc wizard mumbles some strange words.
The orc wizard seems to speed up.
You closely miss the orc wizard. You barely miss the orc.
The orc is lightly wounded.
The orc wizard gestures at you while chanting.
The puff of frost hits you! The orc hits you with a club.
The orc closely misses you. The orc hits you with a club.
Your body deteriorates!
You feel weakened. The orc wizard hits you with a dagger.
You are too injured to fight recklessly!
You barely miss the orc. The orc hits you with a club.
* * * LOW HITPOINT WARNING * * *
The orc barely misses you. The orc wizard hits you with a dagger.
* * * LOW HITPOINT WARNING * * *
The orc barely misses you. x2; The orc wizard hits you with a dagger.
* * * LOW HITPOINT WARNING * * *
The orc hits you with a hand axe.
You die...
Xom cackles wildly!

#.. #.# .#....
#.# ...... #.#
#.!.. #.# #....
#.##
.....##..####
#.......#
..#.###o.>....#
......o@......#
#.....oo.....<#
..............#
#.....b.......#
##.....b......#
#............#
#..........###
..........##
.....


You could see an orc wizard and 3 orcs.

Vanquished Creatures
  2 adders (D:2)
  2 worms
  A dart slug (D:2)
  A leopard gecko (D:2)
  4 bats
  A giant cockroach (D:2)
  2 goblins (D:1)
  3 kobolds
  2 frilled lizards
  4 rats
22 creatures vanquished.

Vanquished Creatures (others)
  A hobgoblin (D:1)
1 creature vanquished.

Grand Total: 23 creatures vanquished

Notes
Turn   | Place    | Note
-------+----------+-------------------------------------------
     0 | D:1      | MTVSty1e the Ogre Chaos Knight began the quest for the Orb.
     0 | D:1      | Reached XP level 1. HP: 24/24 MP: 1/1
   202 | D:1      | XOM: harmless Fire miscast
   367 | D:1      | XOM: mild Air miscast
   600 | D:1      | Reached XP level 2. HP: 31/32 MP: 2/2
   845 | D:1      | XOM: harmless Erth miscast
   922 | D:1      | XOM: harmless Necr miscast
   992 | D:2      | XOM: noise
  1151 | D:1      | XOM: mild Tmut miscast
  1188 | D:1      | XOM is BORED!
  1188 | D:1      | XOM: give mutation
  1188 | D:1      | Gained mutation: Armour fits poorly on your strangely shaped body. [Xom's mischief]
  1289 | D:2      | XOM: smoke on damage
  1296 | D:1      | Reached XP level 3. HP: 10/39 MP: 3/3
  1306 | D:1      | XOM: give mutations
  1306 | D:1      | Gained mutation: You are weak. (Str -2) [Xom's mischief]
  1306 | D:1      | Gained mutation: Your body sometimes deteriorates upon taking damage. [Xom's mischief]
  1306 | D:1      | Lost mutation: You are weak. (Str -2) [Xom's mischief]
  1568 | D:2      | Found a blossoming altar of Fedhas.
  1639 | D:2      | XOM: potion effect (brilliance)
  1680 | D:2      | Found a stormy altar of Qazlal.
  1764 | D:2      | XOM: harmless Hex miscast
  1983 | D:2      | Found a hazy altar of Hepliaklqana.
  1993 | D:2      | Found an iron altar of Okawaru.
  2036 | D:3      | XOM: butterfly on damage
  2042 | D:3      | Slain by an orc

Skill      XL: |  1  2  3 |
---------------+----------+-----
Maces & Flails | 3 4 |  4.1
Fighting       | |  4.0
Dodging        | |  2.1

Action                   || total
-------------------------++-------
Melee: Mace              ||    82
  Use: Potion            ||     1
 Stab: Petrified         ||     1
       Paralysed         ||     1
       Confused          ||     4
  Eat: Ration            ||     1
Armor: Robe              ||    35
Dodge: Dodged            ||    72
